 Dungeon Crawl Stone Soup version 0.19.1-1-g22dce08 (webtiles) character file.

222 Gorglomux the Cudgeler (level 5, 0/33 HPs)
             Began as a Gargoyle Gladiator on Dec 30, 2016.
             Slain by an orc
             ... wielding a +0 trident
              (5 damage)
             ... on level 4 of the Dungeon.
             The game lasted 00:02:47 (2407 turns).

Gorglomux the Cudgeler (Gargoyle Gladiator)         Turns: 2407, Time: 00:02:48

Health: 0/33       AC: 13    Str: 19    XL:     5   Next: 99%
Magic:  5/5        EV: 12    Int:  9    God:
Gold:   156        SH:  0    Dex: 10    Spells: 0 memorised, 4 levels left

rFire  . . .     SeeInvis .     a - +0 flail
rCold  . . .     Gourm    .     b - +0 leather armour
rNeg   + . .     Faith    .     (no shield)
rPois  ∞         Spirit   .     c - +0 helmet
rElec  +         Reflect  .     (no cloak)
rCorr  .         Harm     .     (no gloves)
MR     .....                    (no boots)
Stlth  +.........               q - amulet of regeneration
                                (no ring)
                                j - +5 ring of protection

@: no status effects
A: negative energy resistance 1, electricity resistance, unbreathing,
petrification resistance, rot immunity, AC +4
a: no special abilities


You were on level 4 of the Dungeon.
You were not hungry.

You visited 1 branch of the dungeon, and saw 4 of its levels.

You collected 156 gold pieces.

Inventory:

Hand Weapons
 a - a +0 flail (weapon)
Missiles
 d - 3 throwing nets (quivered)
Armour
 b - a +0 leather armour (worn)
 c - a +0 helmet (worn)
Jewellery
 j - a +5 ring of protection (left hand)
 q - an amulet of regeneration (around neck)
 r - an uncursed amulet of faith {unknown}
 y - an uncursed ring of stealth {unknown}
Scrolls
 e - 2 scrolls of amnesia {unknown}
 g - a scroll of remove curse {unknown}
 h - 2 scrolls of identify {unknown}
 i - 2 scrolls of enchant weapon {unknown}
 o - a scroll of magic mapping {unknown}
 t - 2 scrolls of teleportation {unknown}
 w - a scroll of random uselessness {unknown}
Potions
 k - a potion of degeneration {unknown}
 n - a potion of curing {unknown}
 p - 3 potions of flight {unknown}
 s - a potion of ambrosia {unknown}
 x - a potion of brilliance {unknown}
 z - a potion of invisibility {unknown}
Comestibles
 f - 2 bread rations
 l - 2 slices of pizza
 m - 3 meat rations
 u - 3 fruits
 v - a chunk of flesh


   Skills:
 + Level 4.1 Fighting
 * Level 5.5 Maces & Flails
 - Level 1.7 Throwing
 - Level 2.4 Dodging


You had 4 spell levels left.
You didn't know any spells.

Dungeon Overview and Level Annotations

Branches:
Dungeon (4/15)
 Temple: D:4-7

Altars:


Innate Abilities, Weirdness & Mutations

You are resistant to torment.
Your stone body is resilient. (AC +4)
You are immune to poison.
You resist negative energy. (rN+)
You are resistant to electric shocks. (rElec)
You can survive without breathing.
You are immune to petrification.
You are immune to rotting.


Message History

Items here: )) [ ††† You closely miss the quokka.
The orc misses you. The quokka barely misses you.
The orc hits you with a hand axe.
* * * LOW HITPOINT WARNING * * *
You are too injured to fight recklessly!
You closely miss the orc. The quokka bites you.
* * * LOW HITPOINT WARNING * * *
The orc barely misses you. The orc hits you with a hand axe.
* * * LOW HITPOINT WARNING * * *
The quokka barely misses you.
You closely miss the orc. The orc hits you with a trident.
* * * LOW HITPOINT WARNING * * *
The orc closely misses you.
The quokka bites you but does no damage.
The orc closely misses you.
Things that are here:
a dagger; a robe; an orc corpse The orc hits you but does no damage.
The orc hits you from afar with a trident.
You die...

#..... ##.# .
#.#...# #.# #
.....#.###.# # #
.##..##.##.###
.# #...)......#
###..
.##...###.# ...
$#
#...###o##)#...#
.##...#.o)r.†..#
.......@###.#.##
........# #...#
#.......# #.#.#
###...#>. ..#.#
#...### ### #
##.# #. ##


You could see 2 orcs and a quokka.

Vanquished Creatures
  A hound (D:4)
  An iguana (D:4)
  An orc wizard (D:4)
  2 worker ants (D:4)
  Robin (D:3)
  An adder (D:2)
  An adder zombie (D:3)
  A worm (D:3)
  A leopard gecko (D:3)
  5 orcs (D:4)
  2 ball pythons
  5 giant cockroaches
  10 goblins
  8 hobgoblins
  5 kobolds
  2 quokkas (D:3)
  6 bats
  6 frilled lizards
  A jackal skeleton (D:4)
  7 rats
67 creatures vanquished.

Notes
Turn   | Place    | Note
-------+----------+-------------------------------------------
     0 | D:1      | Gorglomux the Gargoyle Gladiator began the quest for the Orb.
     0 | D:1      | Reached XP level 1. HP: 12/12 MP: 1/1
   179 | D:1      | Reached XP level 2. HP: 15/18 MP: 2/2
   652 | D:2      | Reached XP level 3. HP: 17/22 MP: 3/3
  1356 | D:3      | Reached skill level 4 in Maces & Flails
  1430 | D:3      | Noticed Robin
  1444 | D:3      | Killed Robin
  1450 | D:3      | Reached XP level 4. HP: 20/28 MP: 4/4
  1835 | D:3      | Found a faded altar of an unknown god.
  2237 | D:4      | Reached XP level 5. HP: 32/33 MP: 5/5
  2253 | D:4      | Reached skill level 5 in Maces & Flails
  2407 | D:4      | Slain by an orc

Skill      XL: |  1  2  3  4  5 |
---------------+----------------+-----
Maces & Flails | 4 5 |  5.5
Fighting       | 3 4 |  4.1
Throwing       | |  1.7
Dodging        | |  2.4

Action                   |  1- 3 |  4- 6 || total
-------------------------+-------+-------++-------
Melee: Flail             |   113 |   105 ||   218
  Eat: Chunk             |     2 |     3 ||     5
Armor: Leather armour    |    56 |    68 ||   124
Dodge: Dodged            |    94 |   105 ||   199
